 Dungeon Sprint DCSS version 0.31-a0-95-g6fa058ef04 (webtiles) character file.

Game seed: 18193288120667307652

473 sircluck the Unseen (level 7, 0/44 HPs)
             Began as a Kobold Brigand on May 25, 2023.
             Slain by a yak (6 damage)
             ... in the Dungeon (Sprint I: "Red Sonja").
             The game lasted 00:01:04 (188 turns).

sircluck the Unseen (Kobold Brigand)                 Turns: 188, Time: 00:01:05

Health: 0/44       AC:  4    Str:  8    XL:     7   Next: 32%
Magic:  7/7        EV: 15    Int: 12    God:
Gold:   321        SH:  0    Dex: 19    Spells: 6/6 levels left

rFire   . . .        a - +2 dagger
rCold   . . .        (no shield)
rNeg    . . .        m - +0 leather armour
rPois   .            (no helmet)
rElec   .            c - +0 cloak
rCorr   .            (no gloves)
SInv    .            (no boots)
Will    .....        (no amulet)
Stlth   ++++++++     (no ring)
HPRegen 0.27/turn    (no ring)
MPRegen 0.10/turn

%: no teleportation
@: no status effects
A: small, no large weapons, nightstalker 3
a: no special abilities


You were in the Dungeon.
You visited 1 branch You collected 321 gold pieces.

Inventory:

Hand Weapons
 a - a +2 dagger (weapon)
Missiles
 d - 9 poisoned darts (quivered)
 e - 3 curare-tipped darts
Armour
 b - a +0 robe
 c - a +0 cloak (worn)
 m - a +0 leather armour (worn)
Wands
 l - a wand of paralysis (3)
Scrolls
 k - a scroll of blinking
Potions
 f - a potion of curing
 h - a potion of haste
 i - 3 potions of magic


   Skills:
 + Level 5.5 Fighting
 + Level 6.7 Short Blades
 + Level 4.8 Throwing
 + Level 0.9 Armour
 + Level 2.8 Dodging
 + Level 17.4 Stealth


You had 6 spell levels left.
You didn't know any spells.
Your spell library was empty.

Dungeon Overview and Level Annotations

Branches:
Dungeon (1/1)

Altars:
Fedhas
Hepliaklqana
Makhleb
Qazlal
Sif Muna
Uskayaw
Vehumet
Wu Jian
Xom
Jiyva
Lugonu


Innate Abilities, Weirdness & Mutations

You are small and have problems with some larger weapons.
You are completely attuned to the shadows.


Message History

There is an open door here.
There is a shimmering blue altar of Sif Muna here.
You open the door.
Found 135 gold pieces.
There is an open door here.
You now have 213 gold pieces (gained 27).
You now have 240 gold pieces (gained 27).
You now have 267 gold pieces (gained 27).
You now have 294 gold pieces (gained 27).
You now have 321 gold pieces (gained 27).
There is an open door here.
As you open the door, it creaks loudly!
A yak comes into view.
The yak bellows!
Found four altars.
You hit the yak.
The yak is lightly wounded.
The yak gores you.
You hit the yak but do no damage.
The yak is lightly wounded.
The yak gores you.
You barely miss the yak.
The yak is lightly wounded.
You hit the yak.
The yak is lightly wounded.
The yak gores you!
You hit the yak.
The yak is lightly wounded.
The yak gores you!
You hit the yak.
The yak is lightly wounded.
You closely miss the yak.
The yak is lightly wounded.
The yak gores you.
You barely miss the yak.
The yak is lightly wounded.
The yak gores you!
* * * LOW HITPOINT WARNING * * *
The yak attacks as you move away! The yak gores you.
You die...

###################
#<.#.)'..#.)'..#__#
#..'..#.)'..#..'..+
#..#####'#####'#__#
#..# #..#...#[####
#..# ####..##.#
#..# __##'#_.+ #⌠⌠#
...'Y@._# ####
__##_.#'# ##+#.#
###


You could see a yak.

Vanquished Creatures
  A slime creature (D)
  Sigmund (D)
  An ogre (D)
  A jelly (D)
  Ijyb (D)
5 creatures vanquished.

Notes
Turn   | Place    | Note
-------+----------+-------------------------------------------
     0 | D        | sircluck the Kobold Brigand began the quest for the Orb.
     0 | D        | Reached XP level 1. HP: 12/12 MP: 1/1
    16 | D        | Noticed Ijyb
    18 | D        | Killed Ijyb
    19 | D        | Reached skill level 8 in Stealth
    19 | D        | Reached XP level 2. HP: 18/18 MP: 2/2
    19 | D        | Reached XP level 3. HP: 22/22 MP: 3/3
    32 | D        | Noticed an ogre
    35 | D        | Killed an ogre
    36 | D        | Reached skill level 12 in Stealth
    36 | D        | Reached XP level 4. HP: 29/29 MP: 4/4
    36 | D        | Reached XP level 5. HP: 33/33 MP: 5/5
    46 | D        | Noticed Sigmund
    68 | D        | Killed Sigmund
    69 | D        | Reached skill level 5 in Short Blades
    69 | D        | Reached skill level 15 in Stealth
    69 | D        | Reached XP level 6. HP: 39/39 MP: 6/6
   131 | D        | Found a burning altar of Makhleb.
   131 | D        | Found a viscous altar of Jiyva.
   131 | D        | Found a shimmering altar of Xom.
   131 | D        | Found a corrupted altar of Lugonu.
   131 | D        | Noticed a slime creature
   134 | D        | Killed a slime creature
   135 | D        | Reached skill level 5 in Fighting
   135 | D        | Reached skill level 17 in Stealth
   135 | D        | Reached XP level 7. HP: 44/44 MP: 7/7
   137 | D        | Found an ornate altar of the Wu Jian Council.
   138 | D        | Found a shimmering blue altar of Sif Muna.
   139 | D        | Found a radiant altar of Vehumet.
   178 | D        | Found a hazy altar of Hepliaklqana.
   178 | D        | Found a stormy altar of Qazlal.
   178 | D        | Found a hide-covered altar of Uskayaw.
   178 | D        | Found a blossoming altar of Fedhas.
   178 | D        | Noticed a yak
   188 | D        | Slain by a yak

Illustrated notes

Levels and vault maps discovered:
D:        dungeon_sprint_1 [red_sonja_temple_1, red_sonja_temple_small_1]

Skill      XL: |  1  2  3  4  5  6 |
---------------+-------------------+-----
Short Blades   | 3 4 5 6 |  6.7
Stealth        | 8 12 15 17 | 17.4
Fighting       | 3 4 5 |  5.5
Throwing       | 3 4 |  4.8
Dodging        | 2 |  2.8
Armour         | |  0.9

Action                     |  1- 3 |  4- 6 |  7- 9 || total
---------------------------+-------+-------+-------++-------
  Melee: Dagger            |     2 |    19 |     9 ||    30
    Use: Potion            |       |     2 |       ||     2
   Stab: Sleeping          |     2 |     1 |     1 ||     4
 Armour: Leather armour    |       |     1 |       ||     1
  Dodge: Dodged            |       |     4 |       ||     4

Table legend: (Time is in decaauts)
 A = Elapsed time spent in this place.
 B = Non-inter-level travel time spent in this place.
 C = Inter-level travel time spent in this place.
 D = Time resting spent in this place.
 E = Time spent auto-exploring this place.
 F = Levels seen in this place.
 G = Mean time per level.
                   A        B        C        D        E       F      G
               +--------+--------+--------+--------+--------+-----+--------+
         Total |    192 |    192 |      0 |     61 |      0 |   1 |  192.0 |
       Dungeon |    192 |    192 |      0 |     61 |      0 |   1 |  192.0 |
               +--------+--------+--------+--------+--------+-----+--------+

Top non-repeatable levels by time:
       D: 192 daAuts
